 Dungeon Crawl Stone Soup version 0.31-a0-142-g31f6795574 (webtiles) character file.

Game seed: 1529405130767732088

52 pokeman the Magician (level 3, -2/20 HPs)
             Began as a Deep Elf Hedge Wizard on June 3, 2023.
             Slain by Sigmund
             ... wielding a +0 scythe
              (11 damage)
             ... on level 2 of the Dungeon.
             The game lasted 00:01:48 (1287 turns).

pokeman the Magician (Deep Elf Hedge Wizard)        Turns: 1287, Time: 00:01:49

Health: -2/20      AC:  2    Str:  7    XL:     3   Next: 60%
Magic:  1/11       EV: 12    Int: 20    God:
Gold:   34         SH:  0    Dex: 14    Spells: 4/12 levels left

rFire   . . .        a - +0 dagger
rCold   . . .        (no shield)
rNeg    . . .        b - +0 robe
rPois   .            c - +0 hat
rElec   .            (no cloak)
rCorr   .            (no gloves)
SInv    .            (no boots)
Will    .....        (no amulet)
Stlth   ++           (no ring)
HPRegen 0.23/turn    (no ring)
MPRegen 0.12/turn

%: no passive effects
@: very slightly contaminated
A: no striking features
a: no special abilities


You were on level 2 of the Dungeon.
You visited 1 branch of the dungeon, and saw 2 of its levels.

You collected 34 gold pieces.

Inventory:

Hand Weapons
 a - a +0 dagger (weapon)
Armour
 b - a +0 robe (worn)
 c - a +0 hat (worn)
Scrolls
 e - a scroll of fear {unknown}
 g - 2 scrolls of vulnerability {unknown}
 j - a scroll of silence {unknown}
 k - a scroll of teleportation {unknown}
 l - 3 scrolls of identify {unknown}
 m - a scroll of enchant weapon {unknown}
Potions
 d - a potion of magic
 f - a potion of curing {unknown}
 h - a potion of might {unknown}
 i - 2 potions of enlightenment {unknown}


   Skills:
 - Level 1.0 Fighting
 - Level 1.0 Armour
 + Level 2.5 Dodging
 + Level 2.4 Stealth
 * Level 5.3 Spellcasting
 + Level 1.9 Conjurations
 - Level 1.1 Summonings
 - Level 1.1 Translocations


You had 4 spell levels left.
You knew the following spells:

 Your Spells              Type           Power      Damage    Failure   Level
a - Magic Dart            Conj           52%        1d5       4%          1
b - Mephitic Cloud        Conj/Pois/Air  7%         N/A       26%         3
c - Call Imp              Summ           18%        N/A       11%         2
d - Blink                 Tloc           18%        N/A       11%         2

Your spell library contained the following spells:

 Spells                   Type           Power      Damage    Failure   Level
 Slow                     Hex            20%        N/A       12%         1
 Cigotuvi's Dreadful Rot  Necr/Pois/Air  10%        N/A       17%         2


Dungeon Overview and Level Annotations

Branches:
Dungeon (2/15)

Altars:

Annotations:
D:2 Sigmund


Message History

You hit Sigmund.
Sigmund is moderately wounded.
Sigmund closely misses you.
Your cerulean imp hits Sigmund with a -4 spear.
You strike the helpless Sigmund from behind!
You puncture Sigmund!
Sigmund is severely wounded.
Sigmund hits you but does no damage.
Your cerulean imp hits Sigmund but does no damage.
You barely miss Sigmund.
Sigmund is severely wounded.
Sigmund seems less confused.
Your cerulean imp hits Sigmund with a -4 spear.
Casting: Call Imp (safe; 11% risk of failure)
Confirm with . or Enter, or press ? or * to list all spells.
The spell is extremely dangerous to miscast (26% risk of failure)!
Continue anyway?
Aiming: Mephitic Cloud (extremely dangerous; 26% risk of failure)
Press: ? - help, Shift-Dir - straight line, f - Sigmund
Aim: Sigmund, wielding a +0 scythe and wearing a +2 robe (severely wounded, ally target, chance to affect: 86%) That beam is likely to hit you.
Continue anyway?
You miscast Mephitic Cloud.
You are very lightly contaminated with residual magic.
Nothing appears to happen.
Sigmund hits you with a +0 scythe.
Your cerulean imp hits Sigmund but does no damage.
Casting: Mephitic Cloud (extremely dangerous; 26% risk of failure)
Confirm with . or Enter, or press ? or * to list all spells.
The spell is extremely dangerous to miscast (26% risk of failure)!
Continue anyway?
Aiming: Mephitic Cloud (extremely dangerous; 26% risk of failure)
Press: ? - help, Shift-Dir - straight line, f/p - Sigmund
Aim: Sigmund, wielding a +0 scythe and wearing a +2 robe (severely wounded, ally target, chance to affect: 86%) That beam is likely to hit you.
Continue anyway?
The ball explodes into a vile cloud!
The stinking cloud engulfs Sigmund but does no damage.
Sigmund is severely wounded.
The stinking cloud engulfs you but does no damage.
The stinking cloud engulfs your cerulean imp but does no damage.
Sigmund is engulfed in noxious fumes.
Sigmund appears confused.
Sigmund hits you with a +0 scythe!
Ouch! That really hurt!
You die...

########
.......######
######......# #
######.# #
######.###########
#....<.....@@5...#
#.####.#########.#
#.# #.. . ### . #
# #


You could see Sigmund (confused, ally target) and a friendly cerulean imp
(summoned).

Vanquished Creatures
  2 adders (D:2)
  A dart slug (D:2)
  2 bats (D:1)
  A giant cockroach (D:2)
  A goblin (D:1)
  3 hobgoblins
  8 jackals
  2 quokkas (D:1)
  4 ball pythons
  A frilled lizard (D:1)
  2 kobolds (D:1)
  2 rats (D:1)
29 creatures vanquished.

Notes
Turn   | Place    | Note
-------+----------+-------------------------------------------
     0 | D:1      | pokeman the Deep Elf Hedge Wizard began the quest for the
                  | Orb.
     0 | D:1      | Reached XP level 1. HP: 10/10 MP: 7/7
   241 | D:1      | Reached XP level 2. HP: 9/15 MP: 2/9
   831 | D:1      | Reached skill level 5 in Spellcasting
   909 | D:2      | Noticed Sigmund
   958 | D:2      | Reached XP level 3. HP: 14/20 MP: 0/11
   962 | D:2      | Learned a level 3 spell: Mephitic Cloud
   965 | D:2      | Learned a level 2 spell: Call Imp
   968 | D:2      | Learned a level 2 spell: Blink
  1111 | D:2      | Reached skill level 1 in Fighting
  1111 | D:2      | Reached skill level 1 in Armour
  1287 | D:2      | Slain by Sigmund

Illustrated notes

Levels and vault maps discovered:
D:1:      dpeg_arrival_long_road, layout_rooms, minmay_misc_feat_ornament
D:2:      layout_loops_ring, uniq_sigmund

Skill      XL: |  1  2  3 |
---------------+----------+-----
Spellcasting   | 5 |  5.3
Fighting       | 1 |  1.0
Armour         | 1 |  1.0
Dodging        | |  2.5
Stealth        | |  2.4
Conjurations   | |  1.9
Summonings     | |  1.1
Translocations | |  1.1

Action                     || total
---------------------------++-------
  Melee: Dagger            ||    24
   Cast: Magic Dart        ||    76
         Mephitic Cloud    ||     2
         Call Imp          ||     1
   Stab: Confused          ||     2
 Armour: Robe              ||     7
  Dodge: Dodged            ||    36

Table legend: (Time is in decaauts)
 A = Elapsed time spent in this place.
 B = Non-inter-level travel time spent in this place.
 C = Inter-level travel time spent in this place.
 D = Time resting spent in this place.
 E = Time spent auto-exploring this place.
 F = Levels seen in this place.
 G = Mean time per level.
                   A        B        C        D        E       F      G
               +--------+--------+--------+--------+--------+-----+--------+
         Total |   1287 |   1241 |     46 |      0 |   1049 |   2 |  643.5 |
       Dungeon |   1287 |   1241 |     46 |      0 |   1049 |   2 |  643.5 |
               +--------+--------+--------+--------+--------+-----+--------+

Top non-repeatable levels by time:
     D:1: 919 daAuts
     D:2: 367 daAuts
